Map: Alcyone LE

Players

Gbaws - Winner!

  • Race: Terran Terran
  • League: Master
  • Spawn Location: 7:00

LiquidMaNa (MaNa)

  • Race: Protoss Protoss
  • League: Grandmaster
  • Spawn Location: 1:00

VOD

Have the link to the VOD?

Description

Time

  • Played on: July 9, 2024, 4:23 p.m.
  • Length: 12:59
Show
View Real Time Build Order
Export as new Build Order

Gbaws Terran - Winner!

Build Orders: Cyclone Opening 

Get SALT Encoding   

  12  0:00  SCV  
  13  0:12  SCV  
  14  0:16  Supply Depot  
  14  0:24  SCV  
  15  0:38  SCV  
  15  0:40  Barracks  
  16  0:45  Refinery  
  16  0:50  SCV  
  16  0:52  Refinery  
  17  1:02  SCV  
  18  1:14  SCV  
  19  1:27  Reaper  
  19  1:28  Orbital Command  
  19  1:31  Supply Depot  
  20  1:41  Factory  
  20  1:54  SCV  
  21  2:00  Reaper  
  22  2:07  SCV  
  23  2:18  Command Center  
  23  2:19  SCV  
  24  2:25  Hellion  
  26  2:31  SCV  
  26  2:35  Barracks Reactor, Supply Depot  
  27  2:43  SCV  
  28  2:47  Cyclone  
  30  2:56  SCV  
  31  3:02  Starport  
  31  3:08  SCV  
  31  3:11  Marine x2  
  34  3:19  Cyclone  
  36  3:20  SCV  
  35  3:29  Marine x2  
  35  3:32  Barracks, SCV  
  38  3:36  Orbital Command  
  38  3:41  Medivac  
  40  3:44  SCV  
  40  3:47  Marine x2  
  43  3:55  Factory Tech Lab  
  43  3:56  SCV  
  43  4:02  Engineering Bay  
  44  4:03  SCV  
  44  4:05  Marine x2  
  44  4:08  SCV  
  48  4:12  Supply Depot  
  48  4:18  Siege Tank  
  48  4:21  Barracks Tech Lab, Starport Reactor  
  48  4:22  SCV  
  52  4:28  SCV  
  52  4:29  Terran Infantry Weapons Level 1  
  53  4:34  SCV  
  53  4:36  Refinery  
  54  4:40  Barracks, SCV  
  52  4:57  Marine x3  
  52  4:58  Stimpack  
  52  4:59  SCV x2  
  51  5:01  Siege Tank  
  51  5:10  Barracks  
  51  5:11  Barracks, SCV x2  
  53  5:15  Marine  
  53  5:19  Marine x2  
  56  5:22  Supply Depot  
  56  5:23  SCV x2  
  56  5:25  Refinery  
  56  5:27  Starport Reactor  
  58  5:31  Supply Depot  
  58  5:33  Marine  
  59  5:35  SCV x2  
  59  5:37  Marine  
  59  5:42  Marine  
  62  5:43  Marine  
  62  5:44  Marauder  
  62  5:46  Siege Tank  
  62  5:48  SCV  
  69  5:50  Supply Depot  
  69  5:51  Marine  
  69  5:55  Marine  
  71  5:57  Marine  
  71  5:58  Supply Depot  
  71  6:00  Marine  
  71  6:02  Barracks Tech Lab  
  71  6:03  Medivac x2  
  77  6:08  Supply Depot, Marine  
  78  6:14  Marine  
  78  6:15  Marauder  
  78  6:17  Marine  
  82  6:19  Marine  
  82  6:23  Marine  
  82  6:25  Marine  
  84  6:32  Marine  
  87  6:33  Siege Tank  
  87  6:34  Terran Infantry Armor Level 1, Marine  
  87  6:36  Marauder  
  87  6:39  Combat Shield, Marine  
  90  6:47  Marine, Marauder  
  93  6:57  Marine  
  94  7:02  Supply Depot  
  94  7:03  Supply Depot  
  94  7:04  Medivac, Marauder  
  94  7:05  Marine  
  99  7:09  Marauder  
  99  7:14  Marine  
  102  7:19  Marine  
  102  7:20  Widow Mine, Concussive Shells, SCV  
  106  7:25  Supply Depot, Marauder  
  106  7:28  Marine  
  109  7:30  Marauder  
  109  7:34  Medivac  
  113  7:41  Marine  
  113  7:43  Widow Mine, Marine x2  
  117  7:47  Marauder  
  117  7:51  Command Center  
  119  7:52  Marine, Marauder  
  121  7:58  Marine  
  121  7:59  Supply Depot, SCV x2  
  121  8:05  Medivac  
  126  8:06  Widow Mine, Marine  
  126  8:08  Marauder  
  126  8:10  Marine  
  132  8:14  Marauder  
  134  8:21  Marine x2  
  134  8:25  Marine  
  137  8:30  Marauder  
  137  8:32  Marine  
  137  8:34  Widow Mine  
  142  8:38  Marine  
  142  8:40  Marauder  
  140  8:46  Marine  
  118  8:48  Marine  
  118  8:49  Medivac  
  118  8:51  Marauder  
  113  8:56  Marine  
  113  9:00  Marine  
  113  9:02  Marauder  
  113  9:04  Marine  
  113  9:08  Marine  
  113  9:12  Marauder  
  113  9:14  Marine  
  113  9:18  Marine  
  113  9:19  Widow Mine, Orbital Command, SCV  
  113  9:23  Marauder  
  119  9:31  Marine  
  120  9:34  Marauder  
  120  9:35  Marine x2  
  120  9:36  Starport Reactor  
  124  9:44  Marauder  
  128  9:45  SCV x2  
  128  9:47  Armory  
  128  9:48  Command Center, Marine  
  121  9:55  Marauder  
  109  10:03  Marine  
  109  10:06  Marauder  
  104  10:10  Marine  
  100  10:14  Marine x2  
  100  10:16  Widow Mine, Marauder, Viking x2  
  100  10:17  SCV x3  
  100  10:19  Starport  
  113  10:23  Marine  
  113  10:26  Starport  
  113  10:27  Marine, Marauder  
  117  10:28  Refinery  
  117  10:29  SCV x3  
  120  10:38  Marine x2, Marauder  
  122  10:52  Marine  
  122  10:53  Viking x2, Marauder  
  122  10:54  SCV x2  
  131  10:57  Supply Depot x2  
  131  10:58  SCV  
  131  11:00  Refinery, Viking  
  134  11:04  Marine  
  134  11:05  Marauder  
  134  11:06  SCV  
  134  11:23  Marine  
  134  11:24  Marauder  
  129  11:27  Marine  
  129  11:28  Viking x2, Marauder  
  129  11:31  SCV x2  
  129  11:32  SCV  
  130  11:33  Viking  
  130  11:35  Widow Mine  
  135  11:40  Engineering Bay  
  135  11:44  Marine x2  
  135  11:45  Marine  
  135  11:46  SCV, Marauder  
  140  11:48  Missile Turret  
  140  11:55  Missile Turret  
  140  11:56  Marine  
  140  11:57  Marauder  
  143  12:08  Marine  
  143  12:09  Viking, Marauder  
  143  12:10  SCV  
  143  12:13  Planetary Fortress  
  149  12:16  Marine  
  149  12:17  Viking  
  152  12:26  Marine x2, Marauder  
  159  12:30  Marauder  
  160  12:38  Marine  
Show
View Real Time Build Order
Export as new Build Order

LiquidMaNa Protoss 

Build Orders: 1 Gate Expand, Blink Stalkers 

Get SALT Encoding   

  12  0:00  Probe  
  13  0:12  Probe  
  14  0:18  Pylon  
  14  0:24  Probe (Chrono Boost)  
  15  0:38  Probe (Chrono Boost)  
  15  0:39  Gateway  
  16  0:43  Probe (Chrono Boost)  
  16  0:47  Assimilator  
  17  0:52  Probe  
  18  1:04  Probe  
  19  1:16  Probe  
  20  1:28  Probe  
  20  1:31  Cybernetics Core  
  21  1:38  Nexus  
  21  1:44  Pylon  
  21  1:47  Assimilator  
  21  1:49  Probe  
  22  2:01  Probe  
  22  2:05  Adept (Chrono Boost)  
  22  2:07  Warp Gate  
  25  2:13  Probe  
  26  2:22  Twilight Council  
  26  2:26  Probe  
  26  2:29  Stalker (Chrono Boost)  
  29  2:38  Probe  
  30  2:50  Probe  
  30  2:51  Probe  
  32  2:54  Stalker (Chrono Boost)  
  32  3:00  Shield Battery  
  32  3:02  Probe  
  32  3:03  Probe, Blink (Chrono Boost)  
  34  3:07  Pylon  
  34  3:14  Probe  
  34  3:15  Probe  
  36  3:26  Probe  
  36  3:32  Gateway  
  36  3:34  Gateway  
  36  3:37  Probe  
  36  3:40  Probe  
  38  3:49  Robotics Facility  
  38  3:50  Probe  
  38  3:52  Probe  
  40  3:56  Stalker  
  40  4:02  Probe  
  43  4:04  Probe  
  43  4:09  Pylon  
  44  4:14  Probe  
  44  4:16  Assimilator, Probe  
  46  4:19  Stalker  
  48  4:29  Stalker x2  
  52  4:31  Probe  
  52  4:32  Probe  
  52  4:35  Pylon  
  52  4:37  Observer  
  55  4:44  Stalker  
  57  4:45  Probe  
  58  4:55  Stalker  
  58  4:56  Stalker  
  57  5:01  Probe x2  
  59  5:08  Stalker  
  59  5:11  Warp Prism (Chrono Boost)  
  59  5:13  Nexus  
  61  5:18  Pylon  
  61  5:19  Probe  
  61  5:21  Probe  
  65  5:27  Pylon  
  65  5:29  Charge  
  65  5:30  Sentry x2  
  65  5:32  Probe  
  70  5:36  Probe  
  70  5:38  Pylon  
  71  5:44  Probe  
  71  5:48  Probe, Robotics Bay  
  73  5:54  Forge x2  
  73  5:59  Gateway  
  73  6:04  Gateway  
  73  6:12  Immortal (Chrono Boost)  
  73  6:15  Probe  
  78  6:25  Protoss Ground Armor Level 1 (Chrono Boost), Protoss Ground Weapons Level 1 (Chrono Boost)  
  76  6:31  Probe x3  
  79  6:33  Shield Battery  
  79  6:35  Gateway  
  79  6:43  Probe x2  
  81  6:48  Colossus (Chrono Boost)  
  83  7:04  Zealot x5  
  91  7:14  Probe x2  
  93  7:19  Pylon  
  93  7:21  Nexus  
  93  7:24  Zealot  
  93  7:25  Zealot x4  
  103  7:32  Colossus (Chrono Boost)  
  109  7:44  Extended Thermal Lance  
  109  7:46  Zealot x4  
  109  7:49  Pylon x2  
  117  7:55  Probe x3  
  112  8:01  Shield Battery  
  112  8:09  Zealot x6  
  126  8:31  Zealot x3  
  132  8:35  Zealot x3  
  96  8:54  Zealot x3  
  88  9:00  Protoss Ground Weapons Level 2 (Chrono Boost), Zealot x3  
  88  9:01  Protoss Ground Armor Level 2 (Chrono Boost)  
  84  9:16  Zealot x3  
  81  9:20  Zealot x3  
  87  9:30  Robotics Facility  
  87  9:42  Zealot x6  
  96  9:46  Pylon  
  80  10:05  Zealot x5  
  75  10:11  Zealot  
  75  10:12  Probe x3  
  72  10:15  Shield Battery  
  72  10:18  Colossus  
  72  10:19  Observer  
  72  10:20  Shield Battery  
  78  10:26  Sentry  
  78  10:27  Sentry, Zealot x2  
  86  10:43  Pylon  
  85  10:50  Nexus  
  85  11:03  Zealot x4  
  93  11:04  Probe  
  92  11:13  Colossus  
  80  11:23  Stalker x3  
  73  11:42  Probe  
  74  11:49  Assimilator  
  74  11:50  Probe  
  75  11:54  Probe  
  75  11:55  Shield Battery  
  76  12:05  Stalker x2  
  79  12:11  Stalker  
  81  12:27  Sentry  
  83  12:42  Zealot  
  67  12:45  Zealot x2  
  55  12:51  Zealot x2  
Tags
 
Add a new tag
Caveats
  • Supply blocks, unpowered buildings, or Contaminate may cause inaccurate times.
  • Supply counts are checked every 10 seconds.